 Dungeon Crawl Stone Soup version 0.27.1-3-gb3d3a73c9e (webtiles) character file.

Game seed: 5628082724178142745

155 Descartes the Sneak (level 5, 0/29 HPs)
             Began as a Deep Elf Wanderer on Oct 9, 2021.
             Slain by an ice beast (8 damage)
             ... on level 3 of the Dungeon.
             The game lasted 00:05:32 (2309 turns).

Descartes the Sneak (Deep Elf Wanderer)             Turns: 2309, Time: 00:05:33

Health: 0/29       AC:  3    Str: 11    XL:     5   Next: 14%
Magic:  12/12      EV: 13    Int: 16    God:
Gold:   61         SH:  0    Dex: 14    Spells: 10/10 levels left

rFire    . . .     SeeInvis .   c - +0 hand crossbow
rCold    . . .     Faith    .   (no shield)
rNeg     . . .     Spirit   .   f - +0 robe
rPois    .         Reflect  .   (no helmet)
rElec    .         Harm     .   (no cloak)
rCorr    .         Rampage  .   h - +0 pair of gloves
Will     .....                  (no boots)
Stlth    +++.......             g - amulet of magic regeneration
HPRegen  0.09/turn              (no ring)
MPRegen  0.38/turn              (no ring)

@: no status effects
A: no striking features
a: no special abilities


You were on level 3 of the Dungeon.
You visited 1 branch of the dungeon, and saw 3 of its levels.

You collected 61 gold pieces.

Inventory:

Hand Weapons
 a - a +2 dagger
 c - a +0 hand crossbow (weapon)
Missiles
 d - 3 bolts (quivered ammo)
 m - 33 stones
 s - 23 arrows
Armour
 f - a +0 robe (worn)
 h - a +0 pair of gloves (worn)
 j - a +0 pair of gloves
Jewellery
 g - an amulet of magic regeneration (around neck)
 i - an amulet of guardian spirit
 r - a ring of protection from fire
Scrolls
 b - 2 scrolls of fear
 e - 3 scrolls of teleportation
 k - a scroll of enchant weapon {unknown}
 l - 2 scrolls of identify {unknown}
Potions
 n - a potion of lignification {unknown}
 o - a potion of curing {unknown}
 p - a potion of magic {unknown}
 q - 2 potions of brilliance {unknown}
 t - a potion of heal wounds {unknown}


   Skills:
 - Level 1.5 Fighting
 - Level 1.0 Maces & Flails
 - Level 1.5 Armour
 + Level 4.3 Dodging
 + Level 4.5 Stealth
 + Level 3.3 Spellcasting
 - Level 1.1 Evocations


You had 10 spell levels left.
You didn't know any spells.
Your spell library contained the following spells:

 Spells                   Type           Power      Damage    Failure   Level
 Passwall                 Tmut/Erth      1%         N/A       26%         2
 Swiftness                Air            2%         N/A       47%         3
 Invisibility             Hex            1%         N/A       100%        6


Dungeon Overview and Level Annotations

Branches:
Dungeon (3/15)

Altars:
Elyvilon


Message History

An ice beast comes into view.
You shoot a bolt. The bolt hits the ice beast.
The ice beast is lightly wounded.
You shoot a bolt. The bolt barely misses the ice beast.
You shoot a bolt. The bolt barely misses the ice beast.
You shoot a bolt. The bolt hits the ice beast.
The ice beast is moderately wounded.
You shoot a bolt. The bolt hits the ice beast.
The ice beast is moderately wounded.
The ice beast misses you. The ice beast closely misses you.
You shoot a bolt. The bolt hits the ice beast.
The ice beast is heavily wounded.
The ice beast hits you but does no damage.
You shoot a bolt. The bolt barely misses the ice beast.
The ice beast closely misses you.
The ice beast hits you but does no damage.
You shoot a bolt. The bolt closely misses the ice beast.
The ice beast hits you. The ice beast freezes you!
You shoot a bolt. The bolt closely misses the ice beast.
The ice beast barely misses you.
The ice beast hits you but does no damage.
You shoot a bolt. The bolt closely misses the ice beast.
The ice beast hits you but does no damage.
You shoot a bolt. The bolt hits the ice beast.
The ice beast is heavily wounded.
The ice beast hits you but does no damage.
The ice beast misses you.
You shoot a bolt. The bolt barely misses the ice beast.
The ice beast hits you. The ice beast freezes you!
You are too injured to fight recklessly!
Fire: 4 bolts
Press: ? - help, Q - select action, (/) - cycle Shift-Dir - straight line, f/p - ice beast
Aim: an ice beast (heavily wounded, 62% to hit)
You shoot a bolt.
The bolt hits the ice beast but does no damage.
The ice beast is heavily wounded.
The ice beast barely misses you. The ice beast hits you.
* * * LOW HITPOINT WARNING * * *
The ice beast freezes you!
You die...

##############
#....(.......#
#............#
###............#
...............#
#.............#
#.............###+###
##..............@Y..(#
.....................#
######..................
#..................
#..................
#.................( ###
#.................(
..##########.....#+#####
......# .....


You could see an ice beast.

Vanquished Creatures
  4 gnolls (D:3)
  4 adders (D:2)
  A shadow imp (D:2)
  2 dart slugs (D:2)
  6 bats
  4 endoplasms
  A giant cockroach (D:2)
  6 goblins
  7 hobgoblins
  7 jackals (D:1)
  6 kobolds
  A quokka (D:1)
  9 ball pythons
  4 frilled lizards
  6 rats
68 creatures vanquished.

Notes
Turn   | Place    | Note
-------+----------+-------------------------------------------
     0 | D:1      | Descartes the Deep Elf Wanderer began the quest for the
                  | Orb.
     0 | D:1      | Descartes set off with the following items: a +2 dagger, a
                  | scroll of fear, a +0 hand crossbow, 32 bolts, a scroll of
                  | teleportation, a +0 robe
     0 | D:1      | Reached XP level 1. HP: 12/12 MP: 3/3
   193 | D:1      | Reached XP level 2. HP: 16/16 MP: 3/5
   227 | D:1      | Reached skill level 1 in Spellcasting
   421 | D:1      | Reached XP level 3. HP: 19/20 MP: 7/7
   946 | D:2      | Found a faded altar of an unknown god.
   966 | D:2      | Reached XP level 4. HP: 21/25 MP: 9/9
  1093 | D:2      | Found a white marble altar of Elyvilon.
  1958 | D:2      | Reached XP level 5. HP: 11/29 MP: 11/11
  2296 | D:3      | Noticed an ice beast
  2309 | D:3      | Slain by an ice beast

Illustrated notes

Levels and vault maps discovered:
D:1:      dpeg_arrival_rooms_c, layout_loops_ring
D:2:      layout_basic, basic_altar, hellmonk_ecumenical_altar_slurped_away
D:3:      layout_basic

Skill      XL: |  1  2  3  4 |
---------------+-------------+-----
Stealth        | 3 4 |  4.5
Spellcasting   | 1 2 3 |  3.3
Dodging        | 3 4 |  4.3
Fighting       | |  1.5
Maces & Flails | |  1.0
Armour         | |  1.5
Evocations     | |  1.1

Action                   |  1- 3 |  4- 6 || total
-------------------------+-------+-------++-------
 Fire: Hand crossbow     |    86 |    64 ||   150
Armor: Robe              |     6 |     5 ||    11
Dodge: Dodged            |    26 |    17 ||    43
